BSA
SAN FRANCISCO BANDITS @ VISTA PANTHERS
05/26/2030
 
TOP OF THE 1ST
San Francisco Bandits batting - Pitching for Vista Panthers : LHP William Watson
Pitching: LHP William Watson
Batting: RHB Chang-geun Kim 0-0: Called Strike
0-1: Ball
1-1: Fly out, F8 (Flyball, 8RS)
Batting: RHB Javier Ramírez 0-0: Called Strike
0-1: SINGLE (Groundball, 34S) (infield hit)
Batting: LHB Chris Austin 0-0: Called Strike
0-1: Grounds into double play, 6-4-3 (Groundball, 6)
Top of the 1st over - 0 runs, 1 hit, 0 errors, 0 left on base; San Francisco 0 - Vista 0
BOTTOM OF THE 1ST
Vista Panthers batting - Pitching for San Francisco Bandits : RHP Francisco Arellano
Pitching: RHP Francisco Arellano
Batting: RHB Johnny Williams 0-0: Foul Ball, location: 2F
0-1: Ball
1-1: Ball
2-1: SINGLE (Groundball, 6MD)
Batting: LHB Clyde Yarbrough 0-0: Called Strike
0-1: Ball
1-1: Ball
2-1: Ball
3-1: Foul Ball, location: 2F
3-2: Ground out 4-3 (Groundball, 34D)
Johnny Williams to second
Batting: RHB Jake Reeves 0-0: Called Strike
0-1: Ball
1-1: Ground out 1-3 (Groundball, P)
Johnny Williams to third
Batting: LHB Dante Owens 0-0: Swinging Strike
0-1: Ball
1-1: Ball
2-1: Ball
3-1: Called Strike
3-2: Foul Ball, location: 2F
3-2: Foul Ball, location: 2F
3-2: Foul Ball, location: 2F
3-2: Base on Balls
Batting: RHB Stephen Wilson 0-0: Fly out, F9 (Flyball, 89S)
Bottom of the 1st over - 0 runs, 1 hit, 0 errors, 2 left on base; San Francisco 0 - Vista 0
TOP OF THE 2ND
San Francisco Bandits batting - Pitching for Vista Panthers : LHP William Watson
Batting: RHB Owen Carter 0-0: Foul Ball, location: 2F
0-1: Called Strike
0-2: Strikes out looking
Batting: LHB Alan McGilroy 0-0: Fly out, F8 (Flyball, 8LD)
Batting: RHB Peter Bishop 0-0: Swinging Strike
0-1: Ground out 6-3 (Groundball, 6)
Top of the 2nd over - 0 runs, 0 hits, 0 errors, 0 left on base; San Francisco 0 - Vista 0
BOTTOM OF THE 2ND
Vista Panthers batting - Pitching for San Francisco Bandits : RHP Francisco Arellano
Batting: RHB Cisco Gatán 0-0: Ball
1-0: Called Strike
1-1: Ball
2-1: Fly out, F7 (Flyball, 7D)
Batting: RHB Justin Burgess 0-0: Ball
1-0: Ball
2-0: Called Strike
2-1: SINGLE (Groundball, 56D)
Batting: RHB Phil Matthews 0-0: Ball
1-0: 2-RUN HOME RUN (Flyball, 7D), Distance : 416 ft
Batting: LHB Ramiro Martínez 0-0: Ball
1-0: Called Strike
1-1: Ball
2-1: Ground out 4-3 (Groundball, 4S)
Batting: RHB Johnny Williams 0-0: Ball
1-0: Ball
2-0: Foul Ball, location: 2F
2-1: Foul Ball, location: 2F
2-2: Ball
3-2: DOUBLE (Flyball, 8LXD)
Batting: LHB Clyde Yarbrough 0-0: Swinging Strike
0-1: Fly out, F8 (Flyball, 8LD)
Bottom of the 2nd over - 2 runs, 3 hits, 0 errors, 1 left on base; San Francisco 0 - Vista 2
TOP OF THE 3RD
San Francisco Bandits batting - Pitching for Vista Panthers : LHP William Watson
Batting: RHB Michael Elliott 0-0: Ball
1-0: Ground out 5-3 (Groundball, 5D)
Batting: SHB Ángel González 0-0: Ground out U3 (Groundball, 34)
Batting: RHB Lorenzo Mota 0-0: Ball
1-0: Ball
2-0: SINGLE (Line Drive, 89S)
Batting: RHB Chang-geun Kim 0-0: Called Strike
0-1: Called Strike
0-2: Foul Ball, location: 2F
0-2: Reached on error, E4 (Groundball, 4)
Lorenzo Mota to second
Batting: RHB Javier Ramírez 0-0: Called Strike
0-1: Foul Ball, location: 2F
0-2: Ball
1-2: Ball
2-2: Strikes out looking
Top of the 3rd over - 0 runs, 1 hit, 1 error, 2 left on base; San Francisco 0 - Vista 2
BOTTOM OF THE 3RD
Vista Panthers batting - Pitching for San Francisco Bandits : RHP Francisco Arellano
Batting: RHB Jake Reeves 0-0: Ball
1-0: Ball
2-0: SINGLE (Line Drive, 6MD)
Batting: LHB Dante Owens 0-0: Fly out, F9 (Line Drive, 9)
Batting: RHB Stephen Wilson 0-0: Swinging Strike
0-1: Foul Ball, location: 2F
0-2: Ball
1-2: Foul Ball, location: 2F
1-2: Ball
2-2: Foul Ball, location: 2F
2-2: Foul Ball, location: 2F
2-2: Ball
3-2: Grounds into double play, 4-6-3 (Groundball, 4M)
Bottom of the 3rd over - 0 runs, 1 hit, 0 errors, 0 left on base; San Francisco 0 - Vista 2
TOP OF THE 4TH
San Francisco Bandits batting - Pitching for Vista Panthers : LHP William Watson
Batting: LHB Chris Austin 0-0: SINGLE (Popup, 4D)
Batting: RHB Owen Carter 0-0: Ball
1-0: Fly out, F7 (Flyball, 7)
Batting: LHB Alan McGilroy 0-0: SINGLE (Groundball, 4) (infield hit)
Chris Austin to second
Batting: RHB Peter Bishop 0-0: Ball
1-0: Grounds into double play, 6-4-3 (Groundball, 56)
Top of the 4th over - 0 runs, 2 hits, 0 errors, 1 left on base; San Francisco 0 - Vista 2
BOTTOM OF THE 4TH
Vista Panthers batting - Pitching for San Francisco Bandits : RHP Francisco Arellano
Batting: RHB Cisco Gatán 0-0: Foul Ball, location: 2F
0-1: Ball
1-1: Ball
2-1: Swinging Strike
2-2: Ground out 5-3 (Groundball, 56)
Batting: RHB Justin Burgess 0-0: Ball
1-0: Ball
2-0: Ball
3-0: Foul Ball, location: 2F
3-1: Called Strike
3-2: Strikes out swinging
Batting: RHB Phil Matthews 0-0: Called Strike
0-1: SINGLE (Groundball, 56D)
Batting: LHB Ramiro Martínez 0-0: Called Strike
0-1: Swinging Strike
0-2: Ball
1-2: Foul Ball, location: 2F
1-2: Strikes out swinging, 2-3 out at first.
Bottom of the 4th over - 0 runs, 1 hit, 0 errors, 1 left on base; San Francisco 0 - Vista 2
TOP OF THE 5TH
San Francisco Bandits batting - Pitching for Vista Panthers : LHP William Watson
Batting: RHB Michael Elliott 0-0: Foul Ball, location: 2F
0-1: Ground out 6-3 (Groundball, 6)
Batting: SHB Ángel González 0-0: Called Strike
0-1: Foul Ball, location: 2F
0-2: Ball
1-2: Ball
2-2: SINGLE (Line Drive, 6MD)
Batting: RHB Lorenzo Mota 0-0: Fly out, F8 (Line Drive, 89XD)
Batting: RHB Chang-geun Kim 0-0: Ball
1-0: Ball
2-0: Fly out, F8 (Flyball, 78D)
Top of the 5th over - 0 runs, 1 hit, 0 errors, 1 left on base; San Francisco 0 - Vista 2
BOTTOM OF THE 5TH
Vista Panthers batting - Pitching for San Francisco Bandits : RHP Francisco Arellano
Batting: RHB Johnny Williams 0-0: Called Strike
0-1: Ball
1-1: Ball
2-1: Ground out 3-1 (Groundball, 34)
Batting: LHB Clyde Yarbrough 0-0: Called Strike
0-1: Ball
1-1: Ball
2-1: Called Strike
2-2: Ball
3-2: Foul Ball, location: 2F
3-2: Foul Ball, location: 2F
3-2: Base on Balls
Batting: RHB Jake Reeves 0-0: Ball
1-0: Ball
2-0: Foul Ball, location: 2F
2-1: Reached on error, E6 (Groundball, 6)
Clyde Yarbrough to second
Batting: LHB Dante Owens 0-0: Ball
1-0: Foul Ball, location: 2F
1-1: Called Strike
1-2: Fielders Choice at 2nd, 3-6 (Groundball, 3)
Clyde Yarbrough to third
Batting: RHB Stephen Wilson 0-0: Ball
1-0: Foul Ball, location: 2F
1-1: Ball
2-1: Swinging Strike
2-2: Foul Ball, location: 2F
2-2: Ball
3-2: SINGLE (Flyball, 78S)
Clyde Yarbrough scores
Dante Owens to second
Dante Owens to third
Pitching: RHP Alfonso Martínez
Batting: RHB Cisco Gatán 0-0: Foul Ball, location: 2F
0-1: Ball
1-1: Ball
2-1: Swinging Strike
2-2: SINGLE (Groundball, 56D)
Dante Owens scores
Stephen Wilson to second
Batting: RHB Justin Burgess 0-0: Ball
1-0: Ball
2-0: Foul Ball, location: 2F
2-1: DOUBLE (Line Drive, 9LM)
Stephen Wilson scores
Cisco Gatán to third
Batting: RHB Phil Matthews 0-0: Called Strike
0-1: Ball
1-1: Fly out, F9 (Line Drive, 89S)
Bottom of the 5th over - 3 runs, 3 hits, 1 error, 2 left on base; San Francisco 0 - Vista 5
TOP OF THE 6TH
San Francisco Bandits batting - Pitching for Vista Panthers : LHP William Watson
Batting: RHB Javier Ramírez 0-0: Foul Ball, location: 2F
0-1: Foul Ball, location: 2F
0-2: Ball
1-2: Strikes out swinging
Batting: LHB Chris Austin 0-0: SINGLE (Line Drive, 6M)
Batting: RHB Owen Carter 0-0: Ball
1-0: Swinging Strike
1-1: Ball
2-1: Foul Ball, location: 2F
2-2: Ball
3-2: Base on Balls
Chris Austin to second
Batting: LHB Alan McGilroy 0-0: Foul Ball, location: 2F
0-1: Ball
1-1: Ball
2-1: Ball
3-1: Base on Balls
Chris Austin to third
Owen Carter to second
Batting: RHB Peter Bishop 0-0: Ball
1-0: SINGLE (Groundball, 2R) (infield hit)
Chris Austin scores
Owen Carter to third
Alan McGilroy to second
Pitching: RHP José Betancourt
Batting: RHB Michael Elliott 0-0: Ball
1-0: Ball
2-0: Ball
3-0: Called Strike
3-1: Called Strike
3-2: Foul Ball, location: 2F
3-2: Base on Balls
Owen Carter scores
Alan McGilroy to third
Peter Bishop to second
Batting: SHB Ángel González 0-0: Ball
1-0: SINGLE (Flyball, 9LS)
Alan McGilroy scores
Peter Bishop to third
Michael Elliott to second
Runner from 3rd tries for Home, SAFE, no throw
Batting: RHB Lorenzo Mota 0-0: Fly out, F9 (Flyball, 89M)
Batting: RHB Chang-geun Kim 0-0: Called Strike
0-1: Foul Ball, location: 2F
0-2: Foul Ball, location: 2F
0-2: Strikes out swinging
Top of the 6th over - 4 runs, 3 hits, 0 errors, 2 left on base; San Francisco 4 - Vista 5
BOTTOM OF THE 6TH
Vista Panthers batting - Pitching for San Francisco Bandits : RHP Alfonso Martínez
Batting: LHB Ramiro Martínez 0-0: Ball
1-0: Foul Ball, location: 2F
1-1: SINGLE (Groundball, 6D)
Batting: RHB Johnny Williams 0-0: Ball
1-0: Grounds into double play, 5-4-3 (Groundball, 5)
Batting: LHB Clyde Yarbrough 0-0: Foul Ball, location: 2F
0-1: Called Strike
0-2: Ball
1-2: Ground out 4-3 (Groundball, 4)
Bottom of the 6th over - 0 runs, 1 hit, 0 errors, 0 left on base; San Francisco 4 - Vista 5
TOP OF THE 7TH
San Francisco Bandits batting - Pitching for Vista Panthers : RHP José Betancourt
Now at 1B: Francisco Medina
Batting: RHB Javier Ramírez 0-0: Foul Ball, location: 2F
0-1: Swinging Strike
0-2: Foul Ball, location: 2F
0-2: Strikes out swinging
Pitching: LHP António Martínez
Batting: LHB Chris Austin 0-0: Ball
1-0: Called Strike
1-1: Fly out, F7 (Flyball, 7LDF)
Pitching: RHP José Ruíz
Batting: RHB Owen Carter 0-0: Called Strike
0-1: Fly out, F9 (Flyball, 89M)
Top of the 7th over - 0 runs, 0 hits, 0 errors, 0 left on base; San Francisco 4 - Vista 5
BOTTOM OF THE 7TH
Vista Panthers batting - Pitching for San Francisco Bandits : RHP Alfonso Martínez
Batting: RHB Jake Reeves 0-0: Foul Ball, location: 2F
0-1: Ball
1-1: Foul Ball, location: 2F
1-2: SINGLE (Line Drive, 56D)
Pitching: LHP Yoshihiro Hasegawa
Batting: LHB Dante Owens 0-0: Ball
1-0: Foul Ball, location: 2F
1-1: Ball
2-1: Called Strike
2-2: Foul Ball, location: 2F
2-2: 2-RUN HOME RUN (Flyball, 9LD), Distance : 330 ft
Pitching: RHP Carlos Ledezma
Batting: RHB Stephen Wilson 0-0: Ball
1-0: Ball
2-0: Ball
3-0: Base on Balls
Batting: RHB Cisco Gatán 0-0: Ball
1-0: 2-RUN HOME RUN (Flyball, 7D), Distance : 414 ft
Batting: RHB Justin Burgess 0-0: Ball
1-0: Ball
2-0: Called Strike
2-1: Foul Ball, location: 2F
2-2: Ground out 5-3 (Groundball, 56)
Batting: LHB Francisco Medina 0-0: Ball
1-0: Ball
2-0: Called Strike
2-1: Fly out, F8 (Flyball, 8LD)
Batting: LHB Ramiro Martínez 0-0: Ball
1-0: Swinging Strike
1-1: Swinging Strike
1-2: Ground out 1-3 (Groundball, 15)
Bottom of the 7th over - 4 runs, 3 hits, 0 errors, 0 left on base; San Francisco 4 - Vista 9
TOP OF THE 8TH
San Francisco Bandits batting - Pitching for Vista Panthers : RHP José Ruíz
Batting: LHB Alan McGilroy 0-0: Ball
1-0: Ground out 3-1 (Groundball, 34)
Batting: RHB Peter Bishop 0-0: Swinging Strike
0-1: Fly out, F8 (Line Drive, 78XD)
Batting: RHB Michael Elliott 0-0: Called Strike
0-1: Swinging Strike
0-2: Ball
1-2: Ball
2-2: Ball
3-2: Fly out, F7 (Flyball, 7S)
Top of the 8th over - 0 runs, 0 hits, 0 errors, 0 left on base; San Francisco 4 - Vista 9
BOTTOM OF THE 8TH
Vista Panthers batting - Pitching for San Francisco Bandits : RHP Carlos Ledezma
Batting: RHB Johnny Williams 0-0: Called Strike
0-1: Ground out 6-3 (Groundball, 6)
Batting: LHB Clyde Yarbrough 0-0: Ball
1-0: Swinging Strike
1-1: Swinging Strike
1-2: Ball
2-2: Strikes out swinging
Batting: RHB Jake Reeves 0-0: Ball
1-0: Ball
2-0: Called Strike
2-1: Ball
3-1: Ground out 2-3 (Groundball, 15S)
Bottom of the 8th over - 0 runs, 0 hits, 0 errors, 0 left on base; San Francisco 4 - Vista 9
TOP OF THE 9TH
San Francisco Bandits batting - Pitching for Vista Panthers : RHP José Ruíz
Batting: SHB Ángel González 0-0: Ball
1-0: Swinging Strike
1-1: Foul Ball, location: 2F
1-2: Foul Ball, location: 2F
1-2: Strikes out swinging
Batting: RHB Lorenzo Mota 0-0: Ball
1-0: Ground out 4-3 (Groundball, 4)
Batting: RHB Chang-geun Kim 0-0: Ball
1-0: Foul Ball, location: 2F
1-1: SINGLE (Flyball, 78S)
Batting: RHB Javier Ramírez 0-0: Ball
1-0: Called Strike
1-1: Swinging Strike
1-2: Strikes out swinging
Top of the 9th over - 0 runs, 1 hit, 0 errors, 1 left on base; San Francisco 4 - Vista 9
Saturday, April 7th, 2018 - OOTP Baseball 18.8 Build 76